 Dungeon Crawl Stone Soup version 0.24.1-11-gbbbb2193e6 (webtiles) character file.

Game seed: 18116659446795870393, levelgen mode: deterministic

273 Peloso the Shield-Bearer (level 6, -6/49 (52) HPs)
             Began as a Ghoul Fighter on May 14, 2020.
             Mangled by an iguana (12 damage)
             ... on level 4 of the Dungeon.
             The game lasted 00:07:15 (3290 turns).

Peloso the Shield-Bearer (Ghoul Fighter)            Turns: 3290, Time: 00:07:15

HP:   -6/49 (52)    AC:  6    Str: 19 (20) XL:     6   Next: 24%
MP:   5/5           EV:  7    Int:  3      God:
Gold: 180           SH:  9    Dex: 10      Spells: 5/5 levels left

rFire    . . .     SeeInvis .     - Unarmed
rCold    + . .     Gourm    .   c - +0 shield
rNeg     + + +     Faith    .   b - +0 scale mail
rPois    ∞         Spirit   .   (no helmet)
rElec    .         Reflect  .   (no cloak)
rCorr    .         Harm     .   (no gloves)
MR       .....                  (no boots)
Stlth    ..........             (no amulet)
HPRegen  0.00/turn              (no ring)
MPRegen  0.09/turn              r - ring of flight

@: rotting
A: rotting body, claws 1, carnivore, cold resistance 1, negative energy
resistance 3, inhibited regeneration, torment resistance, unbreathing
a: Evoke Flight


You were on level 4 of the Dungeon.
You were very hungry.

You visited 1 branch of the dungeon, and saw 4 of its levels.

You collected 180 gold pieces.

Inventory:

Hand Weapons
 a - a +0 long sword
Armour
 b - a +0 scale mail (worn)
 c - a +0 shield (worn)
Jewellery
 r - a ring of flight (right claw)
Scrolls
 e - a scroll of identify {unknown}
 g - 5 scrolls of teleportation
 j - 2 scrolls of remove curse
Potions
 d - 2 potions of might
 h - a potion of magic {unknown}
 i - a potion of curing
 k - a potion of mutation {unknown}
 l - a potion of haste {unknown}
 m - a potion of agility
 n - a potion of cancellation {unknown}
 o - a potion of brilliance {unknown}
Comestibles
 f - 5 rations


   Skills:
 + Level 3.7 Fighting
 + Level 1.8 Long Blades
 + Level 3.5 Armour
 + Level 1.0 Dodging
 + Level 0.2 Stealth
 + Level 4.1 Shields
 + Level 3.7 Unarmed Combat


You had 5 spell levels left.
You didn't know any spells.
Your spell library was empty.

Dungeon Overview and Level Annotations

Branches:
Dungeon (4/15)
 Temple: D:4-7

Altars:


Innate Abilities, Weirdness & Mutations

Your body is rotting away.
You thrive on raw meat.
You are immune to poison.
You have sharp fingernails.
You are carnivorous and can eat meat at any time.
Your flesh is cold resistant. (rC+)
You are immune to negative energy. (rN+++)
You do not regenerate when monsters are visible.
You are immune to unholy pain and torment.
You can survive without breathing.


Message History

The scorpion stings you!
Unknown command.
You scratch the scorpion.
You kill the scorpion!
You feel your strength returning.
Your Shields skill increases to level 4!
You have reached level 6!
Your experience leads to an increase in your attributes!
Your base attributes are Str 20, Int 3, Dex 9.
Increase (S)trength, (I)ntelligence, or (D)exterity?
You feel agile.
You closely miss the iguana.
Unknown command.
You scratch the iguana but do no damage.
You block the iguana's attack. The iguana bites you!
* * * LOW HITPOINT WARNING * * *
Unknown command.
You scratch the iguana but do no damage.
The iguana bites you!
You die...

...............#
... #.#
.........#.....#
#.#
.........#.....#
#.#
.........#.....#
#.#
.........#.....#
# #(#
........#.....#
#.##.# #.....#
#.#..... #.....#
#....... #..@l.#
#####... ####l##
....#. #..#
######.
..........# ..
....l.....# ..
.$........# ##
..........#
......!...#
..........#


You could see 2 iguanas.

Vanquished Creatures
  A scorpion (D:4)
  An orc priest (D:3)
  A worker ant (D:4)
  An orc wizard (D:3)
  4 adders
  2 worms (D:2)
  4 dart slugs
  A leopard gecko (D:1)
  3 orcs (D:3)
  8 bats
  6 giant cockroaches
  13 goblins
  10 hobgoblins
  6 jackals
  5 kobolds
  2 quokkas (D:2)
  A ball python (D:1)
  5 frilled lizards
  A quokka skeleton (D:4)
  13 rats
88 creatures vanquished.

Notes
Turn   | Place    | Note
-------+----------+-------------------------------------------
     0 | D:1      | Peloso the Ghoul Fighter began the quest for the Orb.
     0 | D:1      | Reached XP level 1. HP: 19/19 MP: 0/0
   107 | D:1      | Reached XP level 2. HP: 15/26 MP: 1/1
   150 | D:1      | HP: 1/26 [rat (3)]
   435 | D:1      | Reached skill level 3 in Shields
   617 | D:1      | Reached skill level 1 in Unarmed Combat
   637 | D:1      | Reached XP level 3. HP: 10/29 MP: 2/2
  1322 | D:2      | Reached XP level 4. HP: 34/36 MP: 3/3
  2160 | D:3      | Reached XP level 5. HP: 16/46 MP: 4/4
  2162 | D:3      | Reached skill level 1 in Dodging
  3287 | D:4      | Reached skill level 4 in Shields
  3287 | D:4      | Reached XP level 6. HP: 16/49 MP: 5/5
  3290 | D:4      | Mangled by an iguana

Levels and vault maps discovered:
D:1:      lightli_iron_boxes, layout_basic, st_stairs_9
D:2:      layout_basic, hangedman_decor_push
D:3:      minmay_general_purpose_star, layout_basic
D:4:      layout_basic

Skill      XL: |  1  2  3  4  5 |
---------------+----------------+-----
Shields        | 3 4 |  4.1
Unarmed Combat | 1 2 3 |  3.7
Armour         | 3 |  3.5
Dodging        | 1 |  1.0
Fighting       | |  3.7
Long Blades    | |  1.8
Stealth        | |  0.2

Action                   |  1- 3 |  4- 6 || total
-------------------------+-------+-------++-------
Melee: Unarmed           |   186 |   211 ||   397
  Use: Potion            |     2 |     4 ||     6
       Scroll            |       |     5 ||     5
  Eat: Chunk             |     3 |     4 ||     7
Armor: Scale mail        |    72 |    87 ||   159
Dodge: Dodged            |    66 |    59 ||   125
Block: Shield            |   102 |    97 ||   199
